 Dungeon Crawl Stone Soup version 0.21.1-1-g345015fe64 (webtiles) character file.

9783 Kohma the Covert (level 11, -6/56 HPs)
             Began as a Vine Stalker Assassin on July 9, 2018.
             Was a Believer of Uskayaw.
             Mangled by a manticore (8 damage)
             ... on level 11 of the Dungeon.
             The game lasted 00:43:28 (9478 turns).

Kohma the Covert (Vine Stalker Assassin)            Turns: 9478, Time: 00:43:29

Health: -6/56      AC: 14    Str: 18    XL:     11   Next: 51%
Magic:  0/18       EV: 12    Int: 14    God:    Uskayaw [**....]
Gold:   479        SH:  7    Dex: 17    Spells: 8/18 levels left

rFire    + . .     SeeInvis .   a - +2 dagger (venom)
rCold    . . .     Gourm    +   O - +2 buckler
rNeg     . . .     Faith    .   y - +0 steam dragon scales
rPois    .         Spirit   +   x - +2 hat
rElec    .         Reflect  .   J - +0 cloak
rCorr    .         Harm     .   r - +0 pair of gloves
MR       +....                  (no boots)
Stlth    ++++......             n - amulet of the gourmand
HPRegen  0.58/turn              P - +4 ring of protection
MPRegen  0.16/turn              F - ring of protection from fire

@: mighty
A: fangs 3, regeneration 1, magic shield, antimagic bite, no potion heal 3, rot
immunity
a: Stomp, Line Pass, Renounce Religion


You were on level 11 of the Dungeon.
You worshipped Uskayaw.
Uskayaw was noncommittal.
You were completely stuffed.

You visited 2 branches of the dungeon, and saw 11 of its levels.

You collected 479 gold pieces.

Inventory:

Hand Weapons
 a - a +2 dagger of venom (weapon)
 b - a +1 blowgun
 R - a +2 demon whip of flaming
Missiles
 c - 2 needles of sleeping {!f}
 e - 72 poisoned needles
 f - 2 curare-tipped needles {!f}
 i - 6 javelins (quivered)
 o - 3 tomahawks
Armour
 r - a +0 pair of gloves (worn)
 x - a +2 hat (worn)
 y - +0 steam dragon scales (worn)
 G - a +0 shield
 J - a +0 cloak (worn)
 O - a +2 buckler (worn)
Jewellery
 n - an amulet of the gourmand (around neck)
 A - an uncursed ring of see invisible
 F - a ring of protection from fire (right hand)
 K - the ring "Ososkum" {Ice Stlth+}
   (You found it on level 7 of the Dungeon)

   [ring of ice]

   It enhances your ice magic.
   It makes you vulnerable to fire.
   It protects you from cold.
   It makes you more stealthy.
 M - an uncursed ring of resist corrosion
 P - a +4 ring of protection (left hand)
Wands
 z - a wand of iceblast (14)
 H - a wand of paralysis (7)
 I - a wand of polymorph (3)
 L - a wand of disintegration (14)
Scrolls
 d - 2 scrolls of fear
 k - 6 scrolls of remove curse
 m - a scroll of magic mapping
 s - 2 scrolls of teleportation
Potions
 h - 3 potions of agility
 j - a potion of lignification
 l - a potion of might
 p - 2 potions of berserk rage
 q - 2 potions of brilliance
 t - 3 potions of haste
 u - 3 potions of curing
 v - 3 potions of flight
 w - a potion of magic
 B - a potion of mutation
 E - a potion of cancellation
Books
 C - a book of Maledictions

   Spells                             Type                      Level
   a - Corona                         Hexes                        1
   b - Ensorcelled Hibernation        Hexes/Ice                    2
   c - Confuse                        Hexes                        3
   d - Tukima's Dance                 Hexes                        3
   e - Dazzling Spray                 Conjuration/Hexes            3
 D - a book of Misfortune

   Spells                             Type                      Level
   a - Confusing Touch                Hexes                        1
   b - Confuse                        Hexes                        3
   c - Gell's Gravitas                Translocation                3
   d - Petrify                        Transmutation/Earth          4
   e - Metabolic Englaciation         Hexes/Ice                    5
   f - Yara's Violent Unravelling     Hexes/Transmutation          5
Comestibles
 g - 27 rations


   Skills:
 + Level 5.8 Fighting
 * Level 8.3 Short Blades
 + Level 5.9 Throwing
 - Level 5.0 Armour
 - Level 2.0 Dodging
 + Level 9.5 Stealth
 * Level 3.2 Shields
 - Level 4.1 Spellcasting
 - Level 6.0 Hexes
 + Level 2.4 Ice Magic


You had 8 spell levels left.
You knew the following spells:

 Your Spells              Type           Power        Failure   Level  Hunger
a - Ensorcelled Hibernat  Hex/Ice        ##....       5%          2    ##.....
b - Confuse               Hex            ###.....     5%          3    ###....
c - Blink                 Tloc           N/A          30%         2    ##.....
d - Tukima's Dance        Hex            ###.....     5%          3    ###....


Dungeon Overview and Level Annotations

Branches:
Dungeon (11/15)            Temple (1/1) D:4            Lair (0/6) D:8
    Orc: D:9-12

Altars:
Ashenzari
Cheibriados
Dithmenos
Elyvilon
Fedhas
Gozag
Hepliaklqana
Kikubaaqudgha
Makhleb
Nemelex Xobeh
Okawaru
Qazlal
Ru
Sif Muna
Trog
Uskayaw
Vehumet
Wu Jian
Xom
Yredelemnul
Zin
The Shining One

Shops:
D:4 (   D:6 [   D:8 (


Innate Abilities, Weirdness & Mutations

You have razor-sharp teeth.
Your natural rate of healing is unusually fast.
When hurt, damage is shared between your health and your magic reserves.
Your bite disrupts and absorbs the magic of your enemies.
Potions cannot restore your health.
You are immune to rotting.


Message History

The manticore claws you!
* * * LOW HITPOINT WARNING * * *
You hit the manticore but do no damage. You bite the manticore!
You drain its power.
You feel invigorated.
The manticore is moderately wounded.
You hit the manticore.
The manticore looks as sick as possible!
You bite the manticore. You drain its power.
You feel invigorated.
The manticore is moderately wounded.
The manticore bites you!
* * * LOW HITPOINT WARNING * * *
The manticore claws you but does no damage. x2
You can now pass through a line of other dancers.
You feel very mighty all of a sudden. The manticore bites you!
* * * LOW HITPOINT WARNING * * *
The manticore claws you.
* * * LOW HITPOINT WARNING * * *
The manticore claws you!
You die...

# .# ##
##.## #.
....###
#.#.......
#.H5...#
#@# #.#
#.# #.#
#)# #.#
#)#
#.##)###
#....<.#


You could see a manticore and a crimson imp.

Vanquished Creatures
  The ghost of Niraks the Basher, a journeyman MiBe of Trog (D:10)
  A hydra (D:10)
  3 two-headed ogres
  An unseen horror (D:10)
  Pikel (D:6)
  The ghost of Niraks the Cudgeler, a novice HOFi of Ru (D:5)
  A hippogriff (D:7)
  2 dream sheep (D:10)
  2 yaks (D:10)
  A steam dragon (D:7)
  A soldier ant (D:6)
  2 water moccasins
  2 ice beasts
  A sky beast (D:10)
  An orc warrior (D:6)
  A slave (D:6)
  2 black bears
  A phantom (D:5)
  A necrophage (D:10)
  2 ogres
  5 centaurs
  4 big kobolds
  3 bullfrogs
  A gnoll sergeant (D:7)
  9 killer bees (D:8)
  3 howler monkeys
  4 crimson imps
  A bullfrog zombie (D:6)
  A centaur zombie (D:5)
  2 jellies
  Crazy Yiuf (D:7)
  3 hounds
  3 orc priests
  5 orc wizards
  3 bullfrog skeletons
  3 centaur skeletons
  Ijyb (D:2)
  5 worker ants
  A hound skeleton (D:5)
  A howler monkey zombie (D:7)
  8 gnolls
  14 adders
  3 oozes
  2 adder skeletons
  An adder zombie (D:5)
  3 worms
  A dart slug (D:3)
  2 leopard geckos
  32 orcs
  4 bats
  2 giant cockroaches
  4 hobgoblins (D:3)
  3 jackals (D:6)
  6 kobolds
  5 quokkas
  5 ball pythons
  4 frilled lizards
  13 goblins
  3 leopard gecko skeletons
  A quokka skeleton (D:7)
  3 rats (D:3)
206 creatures vanquished.

Vanquished Creatures (others)
  Menkaure (D:6)
  2 slaves (D:6)
  2 orc wizards (D:6)
  2 hounds
  A jelly (D:6)
  A worker ant (D:4)
  A worker ant zombie (D:6)
  2 orcs (D:6)
  A plant (D:10)
13 creatures vanquished.

Grand Total: 219 creatures vanquished

Notes
Turn   | Place    | Note
-------+----------+-------------------------------------------
     0 | D:1      | Kohma the Vine Stalker Assassin began the quest for the Orb.
     0 | D:1      | Reached XP level 1. HP: 11/11 MP: 2/2
   230 | D:1      | Reached XP level 2. HP: 6/15 MP: 1/3
  1015 | D:2      | Reached skill level 1 in Dodging
  1071 | D:2      | Reached skill level 5 in Stealth
  1071 | D:2      | Reached XP level 3. HP: 18/18 MP: 4/4
  1299 | D:2      | Noticed a big kobold
  1319 | D:2      | Killed a big kobold
  1319 | D:2      | Reached skill level 1 in Armour
  1319 | D:2      | Gained mutation: Your natural rate of healing is unusually fast. [Vine Stalker growth]
  1319 | D:2      | Reached XP level 4. HP: 23/23 MP: 5/5
  1351 | D:2      | Noticed Ijyb
  1362 | D:2      | Reached XP level 5. HP: 26/26 MP: 6/6
  1415 | D:2      | Killed Ijyb
  1553 | D:2      | Found a snail-covered altar of Cheibriados.
  1867 | D:3      | Learned a level 2 spell: Ensorcelled Hibernation
  1881 | D:3      | Found a faded altar of an unknown god.
  2408 | D:3      | Reached XP level 6. HP: 26/32 MP: 5/7
  3066 | D:4      | Reached skill level 6 in Stealth
  3066 | D:4      | Reached XP level 7. HP: 12/35 MP: 4/8
  3326 | D:4      | Found a staircase to the Ecumenical Temple.
  3391 | Temple   | Entered the Ecumenical Temple
  3405 | Temple   | Became a worshipper of Uskayaw the Reveler
  3567 | D:4      | Found Jith's Weapon Shoppe.
  3599 | D:4      | Found a sparkling altar of Nemelex Xobeh.
  3634 | D:4      | Reached * piety under Uskayaw
  3686 | D:4      | Noticed a two-headed ogre
  3802 | D:4      | Killed a two-headed ogre
  3802 | D:4      | Gained mutation: You have razor-sharp teeth. [Vine Stalker growth]
  3802 | D:4      | Reached XP level 8. HP: 16/40 MP: 3/9
  4402 | D:5      | Entered Level 5 of the Dungeon
  4450 | D:5      | Found an ancient bone altar of Kikubaaqudgha.
  4570 | D:5      | Reached ** piety under Uskayaw
  4663 | D:5      | Reached skill level 5 in Short Blades
  4735 | D:5      | Learned a level 3 spell: Confuse
  4849 | D:5      | Noticed Niraks's ghost (novice HOFi)
  4903 | D:5      | Reached *** piety under Uskayaw
  4904 | D:5      | Killed Niraks's ghost
  4904 | D:5      | Reached skill level 7 in Stealth
  4904 | D:5      | Reached skill level 1 in Spellcasting
  4904 | D:5      | Reached XP level 9. HP: 17/45 MP: 7/12
  5082 | D:5      | Learned a level 2 spell: Blink
  5453 | D:6      | Noticed Pikel
  5483 | D:6      | Killed Pikel
  5643 | D:6      | Killed Menkaure
  5776 | D:6      | Found Juvich's Antique Armour Shoppe.
  6212 | D:6      | Reached skill level 5 in Hexes
  6342 | D:6      | Learned a level 3 spell: Tukima's Dance
  6862 | D:7      | Found a runed door.
  6869 | D:7      | Noticed Crazy Yiuf
  6882 | D:7      | Killed Crazy Yiuf
  7009 | D:7      | Reached XP level 10. HP: 50/51 MP: 15/15
  7058 | D:7      | Reached skill level 8 in Stealth
  7068 | D:7      | Got a twitching pewter ring
  7070 | D:7      | Identified the ring "Ososkum" {Ice Stlth+} (You found it on level 7 of the Dungeon)
  7108 | D:7      | Found a bloodstained altar of Trog.
  7110 | D:7      | Found a glowing silver altar of Zin.
  7111 | D:7      | Found a radiant altar of Vehumet.
  7568 | D:8      | Reached skill level 5 in Throwing
  7634 | D:8      | Reached skill level 5 in Fighting
  7659 | D:8      | Found a staircase to the Lair.
  7890 | D:8      | Noticed a two-headed ogre
  7946 | D:8      | Killed a two-headed ogre
  8070 | D:8      | Found Welep's Antique Weapon Shoppe.
  8178 | D:8      | You fall through a shaft for 3 floors!
  8227 | D:10     | Entered Level 10 of the Dungeon
  8476 | D:10     | Killed an unseen horror
  8478 | D:10     | Reached skill level 1 in Shields
  8600 | D:10     | Reached skill level 1 in Ice Magic
  8600 | D:10     | Reached **** piety under Uskayaw
  8759 | D:10     | Reached skill level 9 in Stealth
  8759 | D:10     | Reached XP level 11. HP: 50/56 MP: 16/18
  8806 | D:10     | Noticed a two-headed ogre
  8812 | D:10     | Noticed Niraks's ghost (journeyman MiBe)
  8847 | D:10     | Killed a two-headed ogre
  8855 | D:10     | Killed Niraks's ghost
  9182 | D:10     | Noticed a three-headed hydra
  9305 | D:10     | Killed a three-headed hydra
  9305 | D:10     | Reached skill level 5 in Armour
  9460 | D:11     | Noticed a manticore
  9478 | D:11     | HP: 2/56 [manticore (3)]
  9478 | D:11     | Mangled by a manticore

Skill      XL: |  1  2  3  4  5  6  7  8  9 10 11 |
---------------+----------------------------------+-----
Short Blades   | 2 3 4 5 6 7 8 |  8.3
Throwing       | 2 3 4 5 |  5.9
Dodging        | 1 2 |  2.0
Fighting       | 2 3 4 5 |  5.8
Stealth        | 5 6 7 9 |  9.5
Armour         | 1 2 3 4 5 |  5.0
Hexes          | 2 4 5 6 |  6.0
Spellcasting   | 1 2 4 |  4.1
Shields        | 1 3 |  3.2
Ice Magic      | 1 2 |  2.4

Action                   |  1- 3 |  4- 6 |  7- 9 | 10-12 || total
-------------------------+-------+-------+-------+-------++-------
Melee: Dagger            |    65 |   202 |   298 |   317 ||   882
       Bite              |    11 |    53 |    97 |   119 ||   280
 Fire: Blowgun           |    24 |    13 |    54 |    37 ||   128
Throw: Tomahawk          |       |       |       |     8 ||     8
Invok: Line Pass         |       |       |       |     1 ||     1
Evoke: Wand              |       |       |     3 |       ||     3
  Use: Scroll            |       |       |    14 |    10 ||    24
       Potion            |       |       |     1 |     2 ||     3
 Stab: Sleeping          |     1 |    13 |     9 |     8 ||    31
       Distracted        |       |       |     3 |       ||     3
       Paralysed         |       |       |     3 |     9 ||    12
  Eat: Chunk             |     1 |     5 |    24 |     8 ||    38
Armor: Robe              |     9 |       |       |       ||     9
       Ring mail         |    30 |    55 |    78 |       ||   163
       Steam dragon scal |       |       |     2 |   100 ||   102
       Skin              |       |       |     2 |       ||     2
Dodge: Dodged            |    41 |    98 |   135 |   151 ||   425
Block: Buckler           |       |       |       |    33 ||    33
